AoeStats
← CC

Black Forest

508792524Analyzed
2v2 RM · 9d ago on Sep 24, 2026· 47m 11s· 4 players
Game mode
Random Map
Map size
Medium (4 player)
Population
200
Speed
Normal
Resources
Standard
Victory
Conquest
Starting age
Dark Age
Ending age
Imperial Age
RankedLock teamsTeams togetherTeam positionsShared explorationLock speedFull tech treeHidden civsTurbo modeCheats
Victory
Defeat
🇺🇸 Franks · United States
947
+14
🇺🇸 Byzantines · United States
908
+15
🇺🇸 Saxons · United States
897
-15
🇺🇸 Danes · United States
896
-14
IRONFLYTE
0:36 Loom
17:07 Feudal Age
17:38 Double-Bit Axe
17:48 Horse Collar
19:29 Wheelbarrow
20:08 Gold Mining
20:08 Stone Mining
25:37 Castle Age
24:02 Forging
24:13 Scale Mail Armor
24:25 Padded Archer Armor
24:42 Fletching
25:21 Scale Barding Armor
27:24 Hand Cart
27:15 Caravan
28:04 Gold Shaft Mining
27:51 Bow Saw
28:32 Stone Shaft Mining
29:14 Heavy Plow
33:02 Leather Archer Armor
32:42 Bodkin Arrow
33:20 Fervor
36:08 Imperial Age
35:30 Fortified Wall
35:01 Treadmill Crane
35:17 Murder Holes
35:43 Ballistics
37:25 Ring Archer Armor
36:56 Bracer
38:01 Chemistry
36:46 Arrowslits
38:14 Two-Man Saw
38:29 Crop Rotation
38:43 Iron Casting
38:23 Chain Mail Armor
38:28 Chain Barding Armor
39:00 Chain Barding Armor
39:44 Plate Mail Armor
41:03 Hoardings
40:39 Logistica
40:50 Conscription
41:42 Plate Barding Armor
41:11 Greek Fire
42:09 Bombard Tower
42:42 Elite Cataphract
42:50 Pikeman
43:30 Squires
42:51 Man-at-Arms
43:16 Gambesons
43:21 Arson
43:33 Halberdier
43:34 Long Swordsman
44:10 Two-Handed Swordsman
44:46 Elite Varangian Guard
TricksterElite
0:27 Loom
13:14 Feudal Age
14:32 Wheelbarrow
13:45 Double-Bit Axe
13:52 Gold Mining
15:32 Town Watch
15:41 Gold Mining
22:23 Castle Age
23:22 Hand Cart
23:19 Bow Saw
23:10 Town Watch
24:01 Stone Mining
24:48 Gold Shaft Mining
31:41 Fortified Wall
36:15 Imperial Age
34:01 Murder Holes
36:45 Forging
36:35 Scale Mail Armor
36:40 Scale Barding Armor
36:26 Fletching
36:58 Masonry
37:24 Conscription
38:09 Chemistry
37:25 Caravan
38:07 Husbandry
37:27 Cavalier
38:57 Iron Casting
38:38 Chain Mail Armor
38:23 Padded Archer Armor
41:33 Blast Furnace
41:04 Plate Mail Armor
40:54 Chain Barding Armor
42:06 Paladin
RJP
3:10 Loom
11:13 Feudal Age
12:41 Wheelbarrow
17:19 Town Watch
17:37 Gold Mining
18:32 Double-Bit Axe
18:34 Horse Collar
20:13 Arson
20:57 Scale Mail Armor
20:58 Padded Archer Armor
21:04 Man-at-Arms
27:22 Castle Age
28:46 Hand Cart
28:44 Bow Saw
28:42 Heavy Plow
28:45 Town Patrol
31:19 Stone Mining
34:37 Imperial Age
33:03 Gold Shaft Mining
39:22 Squires
38:50 Elite Skirmisher
40:51 Masonry
41:02 Ballistics
41:43 Chemistry
43:34 Chain Mail Armor
43:29 Forging
43:10 Fletching
43:36 Leather Archer Armor
43:26 Scale Barding Armor
44:05 Pikeman
CC
0:28 Loom
16:31 Feudal Age
21:23 Castle Age
19:51 Double-Bit Axe
19:48 Horse Collar
20:55 Fletching
21:05 Padded Archer Armor
30:22 Forging
30:13 Scale Mail Armor
30:47 Heavy Plow
33:25 Bodkin Arrow
33:47 Leather Archer Armor
34:00 Gambesons
34:16 Squires
35:29 Ballistics
35:21 Crossbowman
36:48 Thumb Ring
38:53 Iron Casting
41:14 Imperial Age
39:53 Iron Casting
39:33 Chain Mail Armor
39:59 Murder Holes
42:37 Conscription
41:43 Shield Wall
43:09 Cranequins
43:10 Arbalester
43:44 Pikeman
44:30 Elite Skirmisher
46:21 Plate Mail Armor
46:44 Bracer
Connection lost

Rejoining the realm…

Still unreachable

The connection could not be restored.

Session expired

The server has moved on; the page needs a fresh start.